 Dungeon Crawl Stone Soup version 0.29.1-12-g30fa7ad0bf (webtiles) character file.

Game seed: 13847200834294934628

11807 nightchill the Grappler (level 11, -13/113 HPs)
             Began as a Troll Fighter on Dec 21, 2022.
             Was a Follower of Wu Jian.
             Mangled by an orc warrior
             ... wielding a +0 trident
              (16 damage)
             ... on level 9 of the Dungeon.
             The game lasted 00:21:53 (6651 turns).

nightchill the Grappler (Troll Fighter)             Turns: 6651, Time: 00:21:54

Health: -13/113    AC:  6    Str: 30    XL:     11   Next: 54%
Magic:  10/10      EV:  9    Int:  4    God:    Wu Jian [*.....]
Gold:   416        SH:  7    Dex:  9    Spells: 10/10 levels left

rFire   + . .      SeeInvis .     - Unarmed
rCold   . . .      Faith    .   b - +0 kite shield
rNeg    . . .      Spirit   .   a - +0 robe
rPois   +          Reflect  .   (helmet restricted)
rElec   .          Harm     .   P - +1 cloak {rCorr}
rCorr   +          Rampage  .   (gloves unavailable)
Will    .....                   (boots unavailable)
Stlth   +.........              x - amulet of regeneration
HPRegen 1.88/turn               e - ring of protection from fire
MPRegen 0.12/turn               v - ring of poison resistance

@: studying Short Blades
A: large, unfitting armour, claws 3, regeneration 1, shaggy fur 1, tough skin 1
a: Renounce Religion


You were on level 9 of the Dungeon.
You worshipped Wu Jian.
Wu Jian was aware of your devotion.
You visited 2 branches of the dungeon, and saw 10 of its levels.

You collected 416 gold pieces.

Inventory:

Missiles
 n - 10 poisoned darts (quivered)
 q - 4 silver boomerangs
 B - 3 javelins
 H - 4 large rocks
 K - a curare-tipped dart
Armour
 a - a +0 robe (worn)
 b - a +0 kite shield (worn)
 P - a +1 cloak of preservation (worn)
Jewellery
 e - a ring of protection from fire (left claw)
 v - a ring of poison resistance (right claw)
 x - an amulet of regeneration (around neck)
 D - a ring of positive energy
 J - an amulet of faith
 L - a ring of wizardry
 M - an amulet of guardian spirit
Wands
 g - a wand of paralysis (12)
 r - a wand of light (10)
 N - a wand of mindburst (12)
 O - a wand of flame (9)
Scrolls
 d - a scroll of enchant weapon {unknown}
 h - 2 scrolls of immolation {unknown}
 k - a scroll of summoning {unknown}
 l - 2 scrolls of vulnerability {unknown}
 m - 2 scrolls of fear {unknown}
 o - 2 scrolls of silence {unknown}
 p - 2 scrolls of poison {unknown}
 s - a scroll of fog {unknown}
 u - 2 scrolls of blinking {unknown}
 w - a scroll of magic mapping
 y - 2 scrolls of enchant armour {trove}
 z - 3 scrolls of identify
 A - a scroll of noise
 E - a scroll of brand weapon {unknown}
 Q - 3 scrolls of teleportation {unknown}
Potions
 c - a potion of might
 f - 5 potions of curing
 i - 2 potions of ambrosia
 j - a potion of heal wounds
 t - a potion of lignification
 C - 4 potions of flight {unknown}
 F - a potion of berserk rage {unknown}
 G - 2 potions of magic {unknown}
 I - 2 potions of haste


   Skills:
 + Level 8.7 Fighting
 + Level 4.1 Armour
 + Level 5.0 Dodging
 - Level 2.6 Shields
 * Level 13.9 Unarmed Combat


You had 10 spell levels left.
You didn't know any spells.
Your spell library contained the following spells:

 Spells                   Type           Power      Damage    Failure   Level
 Shock                    Conj/Air       0%         1d3       80%         1
 Slow                     Hex            0%         N/A       80%         1
 Call Canine Familiar     Summ           0%         N/A       99%         3
 Confusing Touch          Hex            0%         N/A       99%         3
 Ozocubu's Armour         Ice            0%         N/A       99%         3
 Portal Projectile        Hex/Tloc       0%         N/A       99%         3
 Swiftness                Air            0%         N/A       99%         3
 Tukima's Dance           Hex            0%         N/A       99%         3
 Vampiric Draining        Necr           0%         2d6       99%         3
 Airstrike                Air            0%         2d(0-16)  100%        4
 Leda's Liquefaction      Hex/Erth       0%         N/A       100%        4
 Passage of Golubria      Tloc           0%         N/A       100%        4
 Yara's Violent Unravell  Hex/Tmut       0%         3d3       100%        5
 Ozocubu's Refrigeration  Ice            0%         4d7       100%        7


Dungeon Overview and Level Annotations

Branches:
Dungeon (9/15)             Temple (1/1) D:5            Lair (0/5) D:8
    Orc: D:9-12

Altars:
Ashenzari
Cheibriados
Dithmenos
Elyvilon
Fedhas
Gozag
Hepliaklqana
Kikubaaqudgha
Makhleb
Nemelex Xobeh
Okawaru
Qazlal
Ru
Sif Muna
Trog
Uskayaw
Vehumet
Wu Jian
Xom
Yredelemnul
Zin
The Shining One

Shops:
D:8 ?

Annotations:
D:3 2 transporters, exclusions: ice beast and 2 more exclusions
D:4 2 transporters, exclusion: downstairs
D:6 exclusions: 2 downstairs and 2 more exclusions
D:7 exclusion: 2 downstairs


Innate Abilities, Weirdness & Mutations

You are too large for most types of armour.
You have claws for hands.
Your natural rate of healing is unusually fast.
You are covered in fur. (AC +1)
You have tough skin. (AC +1)


Message History

* * * LOW HITPOINT WARNING * * *
You closely miss the kobold brigand.
The kobold brigand is severely wounded.
You closely miss the kobold brigand.
The kobold brigand is severely wounded.
You block the steam dragon's attack. x2; You block the orc warrior's attack.
The kobold brigand hits you with a +0 club.
* * * LOW HITPOINT WARNING * * *
You barely miss the kobold brigand.
The kobold brigand is severely wounded.
The steam dragon bites you but does no damage.
The steam dragon claws you.
* * * LOW HITPOINT WARNING * * *
You block the orc warrior's attack.
The kobold brigand hits you with a +0 club.
* * * LOW HITPOINT WARNING * * *
You mangle the kobold brigand!!
You kill the kobold brigand!
The Council accepts your kill. The steam dragon barely misses you. x2
The orc warrior hits you from afar with a +0 trident!
* * * LOW HITPOINT WARNING * * *
You feel much better. The steam dragon bites you! The steam dragon claws you.
* * * LOW HITPOINT WARNING * * *
The orc warrior hits you from afar with a +0 trident.
* * * LOW HITPOINT WARNING * * *
The cyclops hits you!
* * * LOW HITPOINT WARNING * * *
You mangle the cyclops!!
The cyclops is heavily wounded.
The orc warrior hits you from afar with a +0 trident.
* * * LOW HITPOINT WARNING * * *
You block the steam dragon's attack. The steam dragon claws you.
* * * LOW HITPOINT WARNING * * *
You mangle the cyclops!!
The cyclops is almost dead.
The cyclops hits you!
* * * LOW HITPOINT WARNING * * *
The orc warrior hits you from afar with a +0 trident!
You die...

### #####.##.#
..# #....###.#
#.# #.##.# #.#
..###.##.# #.#
........>###.#
########.....#
.....##.)#####
####.#)..)oC.###
......[#../#@..#
#..#..#######D.#
. .... ..#
..###. .## . K
.# . .# .# ##


You could see a cyclops, a steam dragon and an orc warrior (reflecting).

Vanquished Creatures
  A two-headed ogre (D:8)
  8 death yaks
  A skeletal warrior (D:7)
  Pikel (D:6)
  A cyclops (D:7)
  Maurice (D:8)
  A hornet (D:8)
  7 yaks
  An acid dragon (D:6)
  2 black bears (D:5)
  3 orc warriors
  A sky beast (D:8)
  4 ogres
  2 centaurs
  2 lemures (D:6)
  4 kobold brigands
  2 necrophages
  4 bullfrogs
  A gnoll sergeant (D:9)
  2 scorpions
  11 wights
  3 killer bees
  3 jellies (D:6)
  2 gnoll boudas
  4 orc priests
  5 hounds
  Ijyb (D:3)
  Jessica (D:2)
  2 iguanas
  7 orc wizards
  Natasha (twice) (D:3)
  13 gnolls
  8 adders
  A shadow imp (D:6)
  2 white imps (D:7)
  3 ufetubi
  3 worms
  A dart slug (D:1)
  33 orcs
  8 ball pythons
  4 endoplasms (D:1)
  3 giant cockroaches
  9 goblins
  5 hobgoblins
  3 jackals (D:5)
  2 quokkas (D:1)
  8 bats
  3 frilled lizards
  13 kobolds
  6 rats (D:1)
218 creatures vanquished.

Vanquished Creatures (others)
  2 demonic plants (D:7)
2 creatures vanquished.

Grand Total: 220 creatures vanquished

Notes
Turn   | Place    | Note
-------+----------+-------------------------------------------
     0 | D:1      | nightchill the Troll Fighter began the quest for the Orb.
     0 | D:1      | Reached XP level 1. HP: 22/22 MP: 0/0
    55 | D:1      | Reached XP level 2. HP: 23/29 MP: 1/1
   295 | D:1      | Reached skill level 3 in Unarmed Combat
   385 | D:1      | Reached XP level 3. HP: 36/36 MP: 2/2
   811 | D:2      | Noticed Jessica
   820 | D:2      | Killed Jessica
   851 | D:2      | Found a faded altar of an unknown god.
   921 | D:2      | Reached XP level 4. HP: 43/45 MP: 3/3
  1254 | D:3      | Reached skill level 4 in Unarmed Combat
  1380 | D:3      | Reached XP level 5. HP: 47/53 MP: 4/4
  1385 | D:3      | Noticed Ijyb
  1394 | D:3      | Killed Ijyb
  1484 | D:3      | Noticed an ice beast
  1559 | D:3      | Found a transporter.
  1676 | D:3      | Found a transporter.
  1687 | D:3      | Noticed Natasha
  1701 | D:3      | Killed Natasha
  1702 | D:3      | Reached skill level 5 in Unarmed Combat
  1714 | D:3      | Noticed Natasha
  1726 | D:3      | Killed Natasha
  1917 | D:4      | Found a transporter.
  2264 | D:4      | Noticed an ice beast
  2265 | D:4      | Noticed an ice beast
  2269 | D:4      | Noticed an ice beast
  2299 | D:4      | Found a transporter.
  2454 | D:5      | Entered Level 5 of the Dungeon
  2464 | D:4      | Reached XP level 6. HP: 31/62 MP: 5/5
  2526 | D:5      | Paralysed by an orc priest for 3 turns
  2546 | D:5      | Paralysed by an orc priest for 3 turns
  2557 | D:5      | Reached skill level 6 in Unarmed Combat
  2568 | D:5      | Reached XP level 7. HP: 70/70 MP: 6/6
  2580 | D:5      | Found a staircase to the Ecumenical Temple.
  2709 | Temple   | Entered the Ecumenical Temple
  2793 | Temple   | Reached skill level 7 in Unarmed Combat
  2896 | D:5      | Reached skill level 5 in Fighting
  2911 | D:5      | Reached XP level 8. HP: 80/80 MP: 7/7
  2954 | D:5      | Reached skill level 8 in Unarmed Combat
  3184 | D:6      | Found an ancient bone altar of Kikubaaqudgha.
  3301 | D:6      | Reached skill level 9 in Unarmed Combat
  3495 | D:6      | Found an iron altar of Okawaru.
  3683 | D:6      | Reached XP level 9. HP: 85/88 MP: 8/8
  3687 | D:6      | Reached skill level 10 in Unarmed Combat
  4087 | D:7      | Noticed Pikel
  4131 | D:6      | Killed Pikel
  4546 | D:7      | Reached skill level 11 in Unarmed Combat
  4637 | D:7      | Noticed a cyclops
  4637 | D:7      | Noticed a skeletal warrior
  4699 | D:7      | HP: 2/81 [skeletal warrior/+0 flail (23)]
  4700 | D:7      | Killed a skeletal warrior
  4762 | D:7      | Killed a cyclops
  4763 | D:7      | Reached skill level 12 in Unarmed Combat
  4763 | D:7      | Reached XP level 10. HP: 45/102 MP: 9/9
  4875 | D:8      | Noticed a two-headed ogre
  4888 | D:8      | Killed a two-headed ogre
  4889 | D:8      | Reached skill level 1 in Armour
  5057 | D:8      | Noticed a death yak
  5058 | D:8      | Found a staircase to the Lair.
  5058 | D:8      | Noticed a death yak
  5058 | D:8      | Noticed a death yak
  5058 | D:8      | Noticed a death yak
  5058 | D:8      | Noticed a death yak
  5119 | D:7      | Killed a death yak
  5225 | D:8      | Found an ornate altar of the Wu Jian Council.
  5301 | D:8      | Found Qosousath's Magic Scroll Shoppe.
  5424 | D:8      | Noticed a death yak
  5424 | D:8      | Noticed a death yak
  5443 | D:8      | Noticed a death yak
  5710 | D:8      | Killed a death yak
  5716 | D:8      | Killed a death yak
  5717 | D:8      | Reached skill level 13 in Unarmed Combat
  5721 | D:8      | Killed a death yak
  5725 | D:8      | Reached XP level 11. HP: 61/111 MP: 10/10
  5814 | D:8      | Noticed Maurice
  5818 | D:8      | Killed Maurice
  6064 | D:7      | Killed a death yak
  6304 | D:8      | Became a worshipper of the Wu Jian Council
  6317 | D:8      | Killed a death yak
  6320 | D:8      | Killed a death yak
  6328 | D:8      | Killed a death yak
  6546 | D:9      | Reached * piety under Wu Jian
  6627 | D:9      | Reached skill level 5 in Dodging
  6651 | D:9      | HP: 3/113 [cyclops (7)]
  6651 | D:9      | Mangled by an orc warrior

Illustrated notes

Levels and vault maps discovered:
D:1:      onia_arrival_handbag, layout_basic, minmay_crystal_water
D:2:      layout_rooms, shapermc_ecumenical_altar_ellora, uniq_jessica
D:3:      gammafunk_steamed_eel, layout_rooms, uniq_crazy_yiuf_cottage,
          uniq_natasha, uniq_ijyb
D:4:      gammafunk_cloud_chamber, layout_cave_pools
D:5:      minmay_spotlight, layout_rooms, temple_green
D:6:      layout_loops_ring, mainiacjoe_overflow_catch_the_wave
D:7:      layout_rooms, serial_demonic, serial_demonic_c, serial_demonic_g,
          serial_demonic_b, serial_demonic_f, kennysheep_doodads,
          minmay_manual_maat, uniq_pikel
D:8:      nicolae_cairo_tiling_very_big, layout_basic,
          pdpol_wu_jian_five_deadly_venoms, dpeg_lair_monsters, serial_aquarium,
          aquarium_bridge_square [aquarium_subvault_balcony,
          aquarium_subvault_wall, aquarium_subvault_bridge,
          aquarium_subvault_bridge], aquarium_window_1, aquarium_window_2,
          aquarium_window_fake, aquarium_view_2d, aquarium_view_2b,
          minmay_shop_grid_forest, lemuel_flamethrower_2, uniq_maurice
D:9:      layout_basic, minmay_between
Temple:   hellmonk_temple_of_storms

Skill      XL: |  1  2  3  4  5  6  7  8  9 10 11 |
---------------+----------------------------------+-----
Unarmed Combat | 3 4 5 6 7 9 12 13 | 13.9
Fighting       | 3 4 5 6 7 8 |  8.7
Armour         | 3 4 |  4.1
Dodging        | 4 5 |  5.0
Shields        | |  2.6

Action                   |  1- 3 |  4- 6 |  7- 9 | 10-12 || total
-------------------------+-------+-------+-------+-------++-------
Melee: Unarmed           |    77 |   114 |   236 |   220 ||   647
Throw: Dart              |       |       |       |     3 ||     3
Invok: Whirlwind         |       |       |       |    15 ||    15
       Lunge             |       |       |       |     5 ||     5
  Use: Scroll            |       |     6 |     2 |       ||     8
       Potion            |       |       |       |     3 ||     3
Armor: Robe              |    28 |    37 |    46 |    37 ||   148
Dodge: Dodged            |    26 |    28 |    88 |    57 ||   199
Block: Kite shield       |    31 |    42 |    93 |    55 ||   221
